 Dungeon Crawl Stone Soup version 0.31-a0-222-gefeffbb62a (webtiles) character file.

Game seed: 2904488519890466985

26637 olmar the Geomancer (level 12, -10/91 HPs)
             Began as a Demigod Earth Elementalist on July 5, 2023.
             Mangled by a bog body (13 damage)
             ... on level 2 of the Lair of Beasts.
             The game lasted 00:23:16 (17384 turns).

olmar the Geomancer (Demigod Earth Elementalist)   Turns: 17384, Time: 00:23:17

Health: -10/91     AC: 11    Str:  9    XL:     12   Next: 62%
Magic:  18/31      EV: 13    Int: 33    God:
Gold:   604        SH:  0    Dex: 14    Spells: 23/33 levels left

rFire   . . .        K - staff of earth
rCold   . . .        (no shield)
rNeg    . . .        p - +0 troll leather armour
rPois   .            O - +0 helmet
rElec   .            j - scarf {shadows}
rCorr   .            (no gloves)
SInv    .            v - +1 pair of boots
Will    +....        x - amulet of regeneration
Stlth   ++           r - +4 ring of protection
HPRegen 1.95/turn    y - ring of wizardry
MPRegen 0.22/turn

%: wizardry (x1)
@: about to teleport, on berserk cooldown, slowed, very slow
A: high MP 1, forlorn, divine attributes
a: no special abilities


You were on level 2 of the Lair of Beasts.
You visited 2 branches of the dungeon, and saw 11 of its levels.
You also visited: Sewer.

You collected 604 gold pieces.

Inventory:

Hand Weapons
 o - a +2 dagger of protection
 u - a +1 dagger of venom
Missiles
 e - 22 poisoned darts
 E - 6 curare-tipped darts
Armour
 a - a +0 robe
 j - a scarf of shadows (worn)
 p - a +0 troll leather armour (worn)
 v - a +1 pair of boots (worn)
 O - a +0 helmet (worn)
Magical Staves
 C - a staff of fire
 D - a staff of death
 K - a staff of earth (weapon)
Jewellery
 r - a +4 ring of protection (left hand)
 x - an amulet of regeneration (around neck)
 y - a ring of wizardry (right hand)
Wands
 f - a wand of light (6)
 w - a wand of iceblast (10)
 B - a wand of charming (1)
 J - a wand of polymorph (3)
Scrolls
 c - a scroll of amnesia
 d - 3 scrolls of noise
 h - 2 scrolls of fear
 i - 4 scrolls of vulnerability
 k - a scroll of enchant weapon
 l - a scroll of identify
 n - 4 scrolls of immolation
 q - a scroll of poison
 s - 3 scrolls of teleportation
 t - 5 scrolls of revelation
 N - a scroll of butterflies
Potions
 b - 2 potions of magic
 g - a potion of berserk rage
 m - 2 potions of cancellation
 z - 2 potions of resistance
 A - a potion of lignification
 F - a potion of mutation {unknown}
 G - 3 potions of brilliance
 H - 2 potions of curing
 I - a potion of might
 M - a potion of degeneration
 P - a potion of enlightenment
Miscellaneous
 L - a lightning rod (3/4)


   Skills:
 + Level 4.0 Fighting
 + Level 2.5 Staves
 + Level 0.2 Throwing
 - Level 3.6 Armour
 + Level 4.8 Dodging
 - Level 3.3 Stealth
 + Level 11.0 Spellcasting
 + Level 9.1 Conjurations
 + Level 1.1 Transmutations
 + Level 11.5 Earth Magic
 + Level 1.4 Evocations


You had 23 spell levels left.
You knew the following spells:

 Your Spells              Type           Power      Damage    Failure   Level
a - Sandblast             Erth           100%       2d20      1%          1
b - Stone Arrow           Conj/Erth      100%       3d13      1%          3
c - Passwall              Tmut/Erth      61%        N/A       1%          2
d - Petrify               Tmut/Erth      74%        N/A       1%          4

Your spell library contained the following spells:

 Spells                   Type           Power      Damage    Failure   Level
 Apportation              Tloc           36%        N/A       1%          1
 Beastly Appendage        Tmut           50%        N/A       1%          1
 Wereblood                Tmut           25%        N/A       1%          2
 Dazzling Flash           Conj/Hex       96%        N/A       1%          3
 Leda's Liquefaction      Hex/Erth       35%        N/A       1%          4
 Scorch                   Fire           36%        2d7       2%          2
 Flame Wave               Conj/Fire      48%        2d12      2%          4
 Iskenderun's Mystic Bla  Conj/Tloc      48%        2d11      2%          4
 Spider Form              Tmut/Pois      22%        N/A       3%          3
 Call Canine Familiar     Summ           18%        N/A       4%          3
 Ozocubu's Armour         Ice            18%        N/A       4%          3
 Portal Projectile        Hex/Tloc       36%        N/A       4%          3
 Vhi's Electric Charge    Tloc/Air       36%        N/A       4%          3
 Volatile Blastmotes      Fire/Tloc      36%        2d13      4%          3
 Arcjolt                  Conj/Air       24%        1d34      6%          5
 Alistair's Intoxication  Tmut/Pois      14%        N/A       28%         5
 Starburst                Conj/Fire      24%        6d8       32%         6
 Summon Cactus Giant      Summ           9%         N/A       88%         6
 Ozocubu's Refrigeration  Ice            9%         4d9       100%        7
 Maxwell's Capacitive Co  Air            9%         ∞         100%        8


Dungeon Overview and Level Annotations

Branches:
Dungeon (9/15)             Temple (0/1) D:4            Lair (2/5) D:8
  Swamp (0/4) Lair:2       Spider (0/4) Lair:2        Sewer (visited)
    Orc: D:9-12

Shops:
D:1 (   D:8 (


Innate Abilities, Weirdness & Mutations

You have an increased reservoir of magic. (+10% MP)
You shall have no god before yourself.
Your divine heritage dramatically boosts your attributes as you level up.


Message History

The bolt of cold misses you. The bog body touches you.
The bog body freezes you!!
The bog body touches you but does no damage.
The bog body touches you! The bog body freezes you!!
The bog body casts a spell at you. The bolt of cold hits you!
The bog body completely misses you.
Okay, then.
Okay, then.
Aiming: Charm
Press: ? - help, Shift-Dir - straight line, f - bog body
Aim: a bog body (chance to affect: 35%)
Okay, then.
The bog body attacks as you move away!
The bog body touches you but does no damage.
The bog body touches you. The bog body freezes you!!
* * * LOW HITPOINT WARNING * * *
A red film seems to cover your vision as you go berserk!
You feel yourself moving faster!
You feel mighty!
The bog body touches you but does no damage.
The bog body closely misses you. The bog body touches you!
* * * LOW HITPOINT WARNING * * *
The bog body freezes you!
* * * LOW HITPOINT WARNING * * *
You feel a strong urge to attack something.
The bog body barely misses you.
Unknown command.
You feel your anger nearly subside.
The bog body gestures at you while chanting.
You resist with some effort.
You are no longer berserk.
You are exhausted.
You feel as though you will be slow longer.
The bog body gestures at you while chanting.
You resist with some effort.
As you read the scroll of teleportation, it crumbles to dust.
You feel strangely unstable. The bog body touches you!
* * * LOW HITPOINT WARNING * * *
The bog body freezes you!
You die...

#..##.♣≈..~♣...### ##......
##.P#.♣~♣.~♣.....## #.......
#.##.♣♣..♣♣.....P# ##....... #
#Y#♣♣♣~..~♣♣.....# #.#...... #
#YY.♣♣~†.~♣♣.....## ###......
###Y..♣♣~.♣≈♣♣......# ##.....
..#...♣♣S(.≈♣♣......# #.....
......♣♣≈n♣~♣♣.nnn.## ##....
......♣♣~..♣♣♣..@..# #....
......♣♣~§.~♣♣.....## ####....
...#.#♣♣~.§§♣♣......# #.P..###
..#### ♣§§.~♣....#### ##....# #
..# ♣§§.~♣♣#### #....## # .##
♣§~§≈♣ ##..#.# # ..# ♣♣##
#####...#.#### .#######♣♣♣♣..####
#.##.#....##.#
..#.<....#♣......###....#.......#


You could see 3 bog bodies.

Vanquished Creatures
  2 hydras (Lair:2)
  A wizard (D:9)
  An elephant (Lair:2)
  A black mamba (Lair:1)
  Maggie (D:8)
  7 cane toads
  A rime drake (Lair:2)
  4 komodo dragons
  2 kobold demonologists (D:9)
  A troll (D:8)
  A polar bear (Lair:1)
  Grinder (D:6)
  9 blink frogs (Lair:1)
  Sigmund (D:2)
  52 yaks
  4 wyverns
  5 culicivoras (Lair:2)
  A steam dragon (D:7)
  Eustachio (D:4)
  A basilisk (Lair:2)
  4 large abominations (D:9)
  A swamp worm (Lair:2)
  An acid dragon (D:9)
  9 water moccasins
  Duvessa (D:6)
  2 ice beasts
  3 sky beasts
  6 small abominations (D:9)
  2 orc warriors
  2 black bears
  An ogre (D:6)
  A phantom (D:6)
  7 centaurs
  14 wolves
  4 kobold brigands
  9 bullfrogs
  A gnoll sergeant (D:7)
  3 scorpions
  5 wights (D:8)
  Dowan (D:6)
  4 killer bees (D:8)
  4 electric eels
  2 howler monkeys (D:5)
  An iron imp (D:8)
  6 hounds
  2 jellies (D:7)
  5 orc priests
  2 sleepcaps
  Jessica (D:2)
  Ijyb (D:4)
  6 iguanas
  6 orc wizards
  A hell rat (Sewer)
  11 gnolls
  12 adders
  A river rat (Sewer)
  A shadow imp (D:8)
  An ufetubus (D:4)
  A worm (D:2)
  6 dart slugs
  37 orcs
  4 endoplasms
  2 giant cockroaches
  6 goblins
  5 hobgoblins
  4 jackals (D:1)
  2 quokkas
  4 ball pythons (D:1)
  3 bats
  5 frilled lizards
  25 kobolds
  9 rats
  A spectral hobgoblin (D:7)
355 creatures vanquished.

Vanquished Creatures (collateral kills)
  3 kobolds (D:9)
3 creatures vanquished.

Grand Total: 358 creatures vanquished

Notes
Turn   | Place    | Note
-------+----------+-------------------------------------------
     0 | D:1      | olmar the Demigod Earth Elementalist began the quest for
                  | the Orb.
     0 | D:1      | Reached XP level 1. HP: 14/14 MP: 5/5
   139 | D:1      | Reached XP level 2. HP: 20/20 MP: 2/7
   732 | D:1      | Found Ybeeriq's Antique Weapon Shoppe.
  1078 | D:2      | Reached XP level 3. HP: 26/26 MP: 6/8
  1137 | D:2      | Learned a level 3 spell: Stone Arrow
  1140 | D:2      | Learned a level 2 spell: Passwall
  1597 | D:2      | Noticed Jessica
  1599 | D:2      | Killed Jessica
  1600 | D:2      | Reached XP level 4. HP: 33/33 MP: 8/10
  1710 | D:2      | Noticed Sigmund
  2701 | D:3      | Reached XP level 5. HP: 38/38 MP: 7/12
  3192 | D:4      | Found a staircase to the Ecumenical Temple.
  3390 | D:4      | Noticed Eustachio
  3435 | D:4      | Killed Eustachio
  3436 | D:4      | Reached skill level 5 in Earth Magic
  3436 | D:4      | Reached XP level 6. HP: 45/45 MP: 12/15
  3519 | D:4      | Noticed Ijyb
  3523 | D:4      | Killed Ijyb
  3736 | D:4      | Reached XP level 7. HP: 50/50 MP: 15/17
  4338 | D:2      | Killed Sigmund
  4339 | D:2      | Reached skill level 5 in Spellcasting
  4633 | D:5      | Entered Level 5 of the Dungeon
  4944 | D:5      | Reached XP level 8. HP: 57/57 MP: 17/20
  5676 | D:6      | Found a glowing drain.
  5683 | Sewer    | Entered a sewer
  5997 | D:6      | Noticed Grinder
  6001 | D:6      | Killed Grinder
  6002 | D:6      | Reached skill level 1 in Conjurations
  6243 | D:6      | Reached XP level 9. HP: 62/62 MP: 5/23
  6382 | D:6      | Learned a level 4 spell: Petrify
  6969 | D:6      | Noticed Dowan
  6970 | D:6      | Noticed Duvessa
  6972 | D:6      | Killed Dowan
  7047 | D:6      | Killed Duvessa
  7870 | D:7      | Reached skill level 1 in Fighting
  8906 | D:8      | Noticed Maggie
  9137 | D:8      | Found a staircase to the Lair.
  9141 | D:8      | Reached skill level 5 in Conjurations
  9296 | D:8      | Reached XP level 10. HP: 58/71 MP: 10/26
  9712 | D:8      | Found a transporter.
  9714 | D:8      | Found Cillial's Weapon Shoppe.
  9716 | D:8      | Found a transporter.
  9959 | D:8      | Killed Maggie
 10744 | D:9      | Reached skill level 1 in Armour
 11002 | D:9      | Noticed a wizard
 11006 | D:9      | Killed a wizard
 11051 | D:9      | Noticed a large abomination
 11152 | D:9      | Reached XP level 11. HP: 80/80 MP: 15/28
 12012 | D:9      | Noticed a large abomination
 12019 | D:9      | Killed a large abomination
 12020 | D:9      | Reached skill level 10 in Earth Magic
 12297 | D:9      | Killed a large abomination
 12425 | Lair:1   | Entered Level 1 of the Lair of Beasts
 12726 | Lair:1   | Reached skill level 1 in Staves
 12970 | Lair:1   | Reached skill level 10 in Spellcasting
 14005 | Lair:1   | Reached XP level 12. HP: 89/89 MP: 20/30
 14870 | Lair:2   | Reached skill level 1 in Evocations
 15079 | Lair:2   | Noticed a seven-headed hydra
 15317 | Lair:2   | Killed a seven-headed hydra
 15318 | Lair:2   | Reached skill level 1 in Transmutations
 16695 | Lair:2   | Noticed a six-headed hydra
 16704 | Lair:2   | Killed a six-headed hydra
 17117 | Lair:2   | Found a hole to the Spider Nest.
 17349 | Lair:2   | Found a staircase to the Swamp.
 17378 | Lair:2   | HP: 3/136 [bog body (10)]
 17384 | Lair:2   | HP: 3/91 [bog body (10)]
 17384 | Lair:2   | Mangled by a bog body

Illustrated notes

Levels and vault maps discovered:
D:1:      dpeg_arrival_tiny_a, layout_basic, serial_shops, nicolae_shop_crystal
D:2:      layout_basic, basic_altar, st_stairs_10, nrook_mini_backslash,
          grunt_decor_arrowhead, nrook_uturn, dk_noncrumbling_2, uniq_sigmund,
          uniq_jessica
D:3:      layout_loops_cross, mainiacjoe_overflow_24_doors,
          serial_co_window_serial, co_window_paths_a, co_window_corner_a,
          co_window_paths_a, co_window_paths_a, co_window_paths_b,
          co_window_paths_a, co_window_corner_a, co_window_corner_a,
          co_window_corner_a, co_window_paths_c, co_window_corner_b,
          co_window_corner_ca, co_window_broadway_a, co_window_corner_ca,
          co_window_paths_e, glass_columns_a, glass_columns_c, glass_columns_b
D:4:      layout_loops_ring, lemuel_tele_altar, minmay_temple_entry_arrows,
          uniq_ijyb, uniq_eustachio
D:5:      layout_gridville, old_standard_altar, kennysheep_crisscross
D:6:      layout_rooms, nemelex_xobeh_ov_fountains_minmay,
          gup_sewer_entry_bubbles, serial_bayou, serial_bayou_ford_a,
          serial_bayou_pond_b, serial_bayou_lagoon_a, serial_bayou_crossing,
          serial_bayou_shore_a, nicolae_figureground_sparkle, uniq_duvessa,
          uniq_grinder
D:7:      layout_loops_cross, nicolae_hepliaklqana_monster_ancestors
D:8:      layout_basic, slow_altar_1, nicolae_ashenzari_skybound,
          erik_lair_island, serial_shops, nicolae_shop_drivethru, uniq_maggie
D:9:      layout_basic, serial_corexii_hall, corexii_hall_statues_i,
          chequers_hall_statues_wall_a, laboratory
Lair:1:   layout_cave_pods, grunt_megastairs_3
Lair:2:   layout_cave_pods, nicolae_swamp_entry_splash_gauntlet,
          hellmonk_spider_entry_life_and_decay, infiniplex_staircase_pool_2

Skill      XL: |  1  2  3  4  5  6  7  8  9 10 11 12 |
---------------+-------------------------------------+-----
Earth Magic    | 3 4 5 6 8 9 11 | 11.5
Stealth        | 2 3 |  3.3
Spellcasting   | 2 3 4 5 7 8 9 10 11 | 11.0
Dodging        | 2 3 4 |  4.8
Conjurations   | 1 5 6 8 9 |  9.1
Fighting       | 1 2 3 4 |  4.0
Armour         | 2 3 |  3.6
Staves         | 1 2 |  2.5
Evocations     | 1 |  1.4
Transmutations | 1 |  1.1
Throwing       | |  0.2

Action                     |  1- 3 |  4- 6 |  7- 9 | 10-12 || total
---------------------------+-------+-------+-------+-------++-------
  Melee: Dagger            |       |     8 |    46 |   120 ||   174
         Punch             |       |       |     1 |     6 ||     7
         Staff             |       |       |       |   196 ||   196
  Throw: Dart              |       |       |       |     4 ||     4
   Cast: Sandblast         |    45 |    65 |    76 |    22 ||   208
         Stone Arrow       |       |     2 |   123 |   338 ||   463
         Petrify           |       |       |     1 |     8 ||     9
         Passwall          |       |       |       |     3 ||     3
  Evoke: Wand              |       |       |     6 |     4 ||    10
         Lightning rod     |       |       |       |     5 ||     5
    Use: Scroll            |     2 |     5 |    10 |     8 ||    25
         Potion            |       |     2 |     6 |     2 ||    10
 Armour: Robe              |     1 |    13 |    31 |     1 ||    46
         Troll leather arm |       |       |       |   147 ||   147
  Dodge: Dodged            |     5 |    13 |    50 |   252 ||   320

Table legend: (Time is in decaauts)
 A = Elapsed time spent in this place.
 B = Non-inter-level travel time spent in this place.
 C = Inter-level travel time spent in this place.
 D = Time resting spent in this place.
 E = Time spent auto-exploring this place.
 F = Levels seen in this place.
 G = Mean time per level.
                   A        B        C        D        E       F      G
               +--------+--------+--------+--------+--------+-----+--------+
         Total |  17625 |  17024 |    601 |   3750 |  10752 |  12 | 1468.8 |
       Dungeon |  12693 |  12129 |    564 |   1796 |   8689 |   9 | 1410.3 |
          Lair |   4777 |   4740 |     37 |   1954 |   1961 |   2 | 2388.5 |
         Sewer |    154 |    154 |      0 |      0 |    101 |   1 |  154.0 |
               +--------+--------+--------+--------+--------+-----+--------+

Top non-repeatable levels by time:
  Lair:2: 2479 daAuts
  Lair:1: 2298 daAuts
     D:8: 1980 daAuts
     D:6: 1723 daAuts
     D:9: 1715 daAuts
     D:7: 1602 daAuts
     D:2: 1328 daAuts
     D:3: 1259 daAuts
     D:4: 1105 daAuts
     D:1: 1015 daAuts
     D:5: 962 daAuts
   Sewer: 154 daAuts
